 Dungeon Crawl Stone Soup version 0.30.1-4-g462c640d31 (webtiles) character file.

Game seed: 15965817756028554043

931 Savaroth the Chopper (level 7, -10/62 HPs)
             Began as a Minotaur Berserker on Sept 9, 2023.
             Was an Elder of Trog.
             Mangled by a vampire (12 damage)
             ... on level 5 of the Dungeon.
             The game lasted 00:13:14 (3457 turns).

Savaroth the Chopper (Minotaur Berserker)           Turns: 3457, Time: 00:13:16

Health: -10/62     AC:  5    Str: 29    XL:     7   Next: 86%
Magic:  6/6        EV: 10    Int:  4    God:    Trog [****..]
Gold:   163        SH: 11    Dex:  9    Spells: 6/6 levels left

rFire   + + .        a - +0 hand axe
rCold   . . .        h - +0 tower shield
rNeg    . . .        n - +2 leather armour {rF+}
rPois   .            (helmet restricted)
rElec   .            (no cloak)
rCorr   .            (no gloves)
SInv    +            (no boots)
Will    .....        (no amulet)
Stlth   ++           j - ring of Vimul {rF+ Str+5 Stlth+}
HPRegen 0.30/turn    k - ring of see invisible
MPRegen 0.10/turn

%: no passive effects
@: on berserk cooldown, slowed, very slow
A: horns 2, retaliatory headbutt
a: Renounce Religion, Berserk, Trog's Hand, Brothers in Arms


You were on level 5 of the Dungeon.
You worshipped Trog.
Trog was greatly pleased with you.
You visited 1 branch of the dungeon, and saw 5 of its levels.

You collected 205 gold pieces.
You spent 42 gold pieces at shops.

Inventory:

Hand Weapons
 a - a +0 hand axe (weapon)
Armour
 b - a +0 animal skin
 h - a +0 tower shield (worn)
 n - a +2 leather armour of fire resistance (worn)
Jewellery
 j - the ring of Vimul (left hand) {rF+ Str+5 Stlth+}
   (You found it on level 2 of the Dungeon)

   [ring of protection from fire]

   Str:       It affects your strength (+5).
   rF:        It protects you from fire.
   Stlth:     It makes you more stealthy.
 k - a ring of see invisible (right hand)
 w - an amulet of the acrobat
 y - a +4 ring of protection
Wands
 l - a wand of mindburst (17)
 x - a wand of flame (12)
Scrolls
 c - 2 scrolls of teleportation {unknown}
 e - 2 scrolls of identify
 g - a scroll of enchant armour {unknown}
 m - 2 scrolls of fear
 r - 2 scrolls of blinking {unknown}
 s - a scroll of noise {unknown}
 z - a scroll of torment {unknown}
 A - a scroll of magic mapping {unknown}
Potions
 d - a potion of berserk rage {unknown}
 f - 2 potions of flight {unknown}
 i - 2 potions of heal wounds {unknown}
 o - a potion of resistance {unknown}
 p - 2 potions of degeneration {unknown}
 q - 2 potions of attraction {unknown}
 t - 2 potions of curing
 u - 2 potions of haste {unknown}
 v - a potion of mutation {unknown}


   Skills:
 + Level 5.6 Fighting
 * Level 7.3 Axes
 + Level 4.9 Armour
 + Level 4.5 Dodging
 + Level 3.8 Shields


You had 6 spell levels left.
You didn't know any spells.
Your spell library was empty.

Dungeon Overview and Level Annotations

Branches:
Dungeon (5/15)
 Temple: D:4-7

Altars:

Shops:
D:3 !

Annotations:
D:5 Pikel


Innate Abilities, Weirdness & Mutations

You have a pair of horns on your head.
You reflexively headbutt those who attack you in melee.


Message History

Okay, then.
Found a potion of curing and a weird smoking staff.
You block the vampire's attack. The vampire closely misses you.
The vampire gestures at you while chanting.
You are confused.
The vampire attacks as you move away! The vampire hits you.
* * * LOW HITPOINT WARNING * * *
The vampire closely misses you.
Okay, then.
You feel better. You block the vampire's attack.
The vampire bites you but does no damage.
You block the vampire's attack. x2
The vampire attacks as you move away! You block the vampire's attack. x2
The vampire closely misses you. You furiously retaliate!
You headbutt the vampire. The vampire barely misses you.
You see here 5 gold pieces.
An orc comes into view. It is wielding a +0 dagger.
A lemure comes into view.
The lemure shouts!
A lemure comes into view.
You block the vampire's attack. The vampire bites you!
* * * LOW HITPOINT WARNING * * *
The vampire draws strength from your injuries!
Pikel, Merchant of Souls comes into view.
He is wielding a +0 whip of freezing and carrying a wand of mindburst (11).
Found a leather armour.
The orc shouts!
You hear a shout!
The vampire hits you.
* * * LOW HITPOINT WARNING * * *
The vampire closely misses you. The vampire attacks as you move away!
The vampire barely misses you. The vampire closely misses you.
As you read the scroll labelled PYHEICL CEOS, it crumbles to dust.
It is a scroll of identify.
m - 2 scrolls of fear The vampire barely misses you.
You block the vampire's attack.
A lemure comes into view.
The vampire hits you.
* * * LOW HITPOINT WARNING * * *
The vampire bites you!
You die...

.))#...###
##.<.....###.......
##.#.......#..[...#
#....##...........##
#..####.#..........
...# #.#..#......#
.#.# #...##......###
...# #...#........#
..## ##.#..5o.V@.# #
..# K5.5........#
.##.. ....
..##...######...!.|
#.## ###.##
##......##
#$.###........# #
##..#..........#.
....##..............
#...............#
######..........#


You could see a vampire (invisible), 2 lemures and an orc.

Vanquished Creatures
  Sigmund (D:3)
  A water moccasin (D:5)
  A black bear (D:4)
  A phantom (D:5)
  A scorpion (D:4)
  A jelly (D:4)
  An orc priest (D:5)
  Ijyb (D:5)
  Natasha (thrice) (D:3)
  An iguana (D:5)
  2 orc wizards
  2 adders
  7 gnolls
  2 worms (D:2)
  A dart slug (D:1)
  10 orcs
  10 ball pythons
  9 endoplasms
  4 giant cockroaches
  4 goblins
  8 hobgoblins
  9 jackals
  7 kobolds
  4 quokkas
  7 bats
  4 frilled lizards
  7 rats
109 creatures vanquished.

Notes
Turn   | Place    | Note
-------+----------+-------------------------------------------
     0 | D:1      | Savaroth the Minotaur Berserker began the quest for the
                  | Orb.
     0 | D:1      | Reached XP level 1. HP: 19/19 MP: 0/0
   179 | D:1      | Reached XP level 2. HP: 25/27 MP: 1/1
   192 | D:1      | Reached skill level 4 in Axes
   352 | D:1      | Reached ** piety under Trog
   482 | D:1      | Reached XP level 3. HP: 31/33 MP: 2/2
   828 | D:2      | Identified the ring of Vimul {rF+ Str+5 Stlth+}
  1150 | D:2      | Reached XP level 4. HP: 40/40 MP: 3/3
  1174 | D:2      | Found a faded altar of an unknown god.
  1442 | D:3      | Noticed Natasha
  1455 | D:3      | Killed Natasha
  1456 | D:3      | Reached skill level 1 in Shields
  1579 | D:3      | Reached *** piety under Trog
  1584 | D:3      | Reached skill level 5 in Axes
  1665 | D:3      | Found Jyxaeps's Distillery.
  1671 | D:3      | Bought a potion of curing for 42 gold pieces
  1793 | D:3      | Reached XP level 5. HP: 18/47 MP: 4/4
  1990 | D:3      | Noticed Sigmund
  1991 | D:3      | Noticed Natasha
  2009 | D:3      | Killed Sigmund
  2010 | D:3      | Reached XP level 6. HP: 55/55 MP: 5/5
  2010 | D:3      | Killed Natasha
  2340 | D:3      | Noticed Natasha
  2345 | D:3      | Killed Natasha
  2620 | D:4      | Reached skill level 5 in Fighting
  2620 | D:4      | Reached skill level 6 in Axes
  2698 | D:4      | Reached XP level 7. HP: 47/61 MP: 6/6
  3077 | D:4      | Reached **** piety under Trog
  3279 | D:5      | Entered Level 5 of the Dungeon
  3279 | D:5      | Noticed Ijyb
  3372 | D:5      | Killed Ijyb
  3377 | D:5      | Reached skill level 7 in Axes
  3432 | D:5      | Noticed a vampire
  3448 | D:5      | HP: 1/62 [vampire (5)]
  3453 | D:5      | Noticed Pikel
  3455 | D:5      | HP: 2/62 [vampire (4)]
  3457 | D:5      | Mangled by a vampire

Illustrated notes

Levels and vault maps discovered:
D:1:      zelgadis_glass_arrival_large, layout_basic
D:2:      layout_loops_ring, shapermc_ecumenical_altar_hornbeckon
D:3:      minmay_octagon_keep, layout_loops_cross, serial_aquarium,
          aquarium_bridge_straight [aquarium_subvault_bridge,
          aquarium_subvault_window, aquarium_subvault_bridge,
          aquarium_subvault_window], aquarium_window_corridor_3,
          aquarium_window_fake, aquarium_view_2d, aquarium_balcony_1a,
          serial_shops, nicolae_shop_trees, uniq_sigmund, uniq_natasha
D:4:      layout_rooms, amcnicky_mini_pool_small
D:5:      layout_rooms, minmay_temple_entry_glassed_door, uniq_pikel, uniq_ijyb

Skill      XL: |  1  2  3  4  5  6  7 |
---------------+----------------------+-----
Axes           | 4 5 6 7 |  7.3
Fighting       | 4 5 |  5.6
Armour         | 3 4 |  4.9
Dodging        | 3 4 |  4.5
Shields        | 1 2 3 |  3.8

Action                     |  1- 3 |  4- 6 |  7- 9 || total
---------------------------+-------+-------+-------++-------
  Melee: Hand axe          |    80 |    89 |    56 ||   225
         Headbutt          |    13 |    14 |     7 ||    34
 Invoke: Berserk           |       |     3 |     2 ||     5
    Use: Scroll            |       |       |     1 ||     1
         Potion            |       |       |     1 ||     1
   Stab: Sleeping          |     1 |     3 |     2 ||     6
         Distracted        |       |     1 |       ||     1
 Armour: Animal skin       |    10 |       |       ||    10
         Leather armour    |       |    24 |    15 ||    39
  Dodge: Dodged            |    47 |    37 |    26 ||   110
  Block: Tower shield      |    10 |    55 |    34 ||    99
